 Dungeon Crawl Stone Soup version 0.30-a0-881-g1ff12e1e11 (webtiles) character file.

Game seed: 9509940131503364478

373 lessens the Vexing (level 6, -2/47 HPs)
             Began as a Gnoll Hexslinger on Mar 14, 2023.
             Was an Initiate of Nemelex Xobeh.
             Killed by divine providence
             ... invoked by an orc priest
              (12 damage)
             ... on level 4 of the Dungeon.
             The game lasted 00:05:02 (3777 turns).

lessens the Vexing (Gnoll Hexslinger)               Turns: 3777, Time: 00:05:03

Health: -2/47      AC: 18    Str: 12    XL:     6   Next: 72%
Magic:  11/11      EV: 10    Int: 12    God:    Nemelex Xobeh [......]
Gold:   327        SH:  0    Dex: 12    Spells: 8/12 levels left

rFire   . . .      SeeInvis .    l - +1 shortbow (heavy)
rCold   + . .      Faith    .    (shield currently unavailable)
rNeg    . . .      Spirit   .    w - +7 scale mail of the Dungeon {rPois}
rPois   +          Reflect  .    v - +0 helmet
rElec   .          Rampage  .    (no cloak)
rCorr   .                        o - +2 pair of gloves
Will    .....                    f - +0 pair of boots
Stlth   +                        d - amulet of the acrobat
HPRegen 0.27/turn                z - ring of poison resistance
MPRegen 0.12/turn                x - ring of protection from cold

@: hasted, very quick
A: fangs 1, strong nose, distributed training
a: Renounce Religion, Draw Escape, Draw Destruction, Draw Summoning


You were on level 4 of the Dungeon.
You worshipped Nemelex Xobeh.
Nemelex Xobeh was noncommittal.
You visited 1 branch of the dungeon, and saw 4 of its levels.

You collected 327 gold pieces.

Inventory:

Hand Weapons
 a - a +1 sling
 l - a +1 heavy shortbow (weapon)
Missiles
 e - a throwing net
 h - 27 stones
 j - 7 boomerangs
 s - 12 poisoned darts
Armour
 c - a +0 robe
 f - a +0 pair of boots (worn)
 m - a scarf of harm
 o - a +2 pair of gloves (worn)
 v - a +0 helmet (worn)
 w - the +7 scale mail of the Dungeon (worn) {rPois}
   (You found it on level 3 of the Dungeon)

   rPois:     It protects you from poison.
Jewellery
 d - an amulet of the acrobat (around neck)
 i - a ring of flight
 r - a ring of fire
 x - a ring of protection from cold (right hand)
 y - a +6 ring of strength
 z - a ring of poison resistance (left hand)
Wands
 t - a wand of iceblast (1)
Scrolls
 b - a scroll of poison
 k - a scroll of immolation {unknown}
 n - 6 scrolls of identify {unknown}
 C - a scroll of noise {unknown}
 D - 2 scrolls of teleportation {unknown}
Potions
 g - a potion of heal wounds {unknown}
 q - 2 potions of lignification {unknown}
 u - 2 potions of attraction {unknown}
 A - a potion of might {unknown}
 B - a potion of curing {unknown}


   Skills:
 + Level 3.4 Fighting
 + Level 2.1 Short Blades
 + Level 2.1 Long Blades
 + Level 2.1 Axes
 + Level 2.1 Maces & Flails
 + Level 2.1 Polearms
 + Level 2.1 Staves
 + Level 5.1 Ranged Weapons
 + Level 2.1 Throwing
 + Level 2.1 Armour
 + Level 5.1 Dodging
 + Level 2.1 Stealth
 + Level 2.1 Shields
 + Level 2.1 Unarmed Combat
 + Level 3.5 Spellcasting
 + Level 1.7 Conjurations
 + Level 5.7 Hexes
 + Level 1.7 Summonings
 + Level 1.7 Necromancy
 + Level 1.7 Translocations
 + Level 1.7 Transmutations
 + Level 1.7 Fire Magic
 + Level 1.7 Ice Magic
 + Level 1.7 Air Magic
 + Level 1.7 Earth Magic
 + Level 1.7 Poison Magic
 + Level 2.4 Invocations
 + Level 2.1 Evocations


You had 8 spell levels left.
You knew the following spells:

 Your Spells              Type           Power      Damage    Failure   Level
a - Slow                  Hex            60%        N/A       12%         1
b - Portal Projectile     Hex/Tloc       22%        N/A       61%         3

Your spell library contained the following spells:

 Spells                   Type           Power      Damage    Failure   Level
 Freeze                   Ice            24%        1d4       52%         1
 Inner Flame              Hex/Fire       11%        N/A       61%         3
 Lesser Beckoning         Tloc           12%        N/A       65%         2
 Cause Fear               Hex            7%         N/A       75%         4
 Frozen Ramparts          Ice            12%        1d2       87%         3
 Gell's Gravitas          Tloc           6%         N/A       87%         3
 Hailstorm                Conj/Ice       6%         3d4       87%         3
 Ignite Poison            Fire/Tmut/Pois 6%         N/A       87%         3
 Kindle Blastsparks       Fire/Tloc/Air  12%        2d11      87%         3
 Teleport Other           Tloc           6%         N/A       87%         3
 Animate Armour           Summ/Erth      12%        N/A       99%         4
 Blade Hands              Tmut           3%         N/A       100%        5
 Freezing Cloud           Conj/Ice/Air   3%         6-21      100%        5
 Iron Shot                Conj/Erth      3%         9d2       100%        6


Dungeon Overview and Level Annotations

Branches:
Dungeon (4/15) Zot: 20045
 Temple: D:4-7

Altars:
Kikubaaqudgha
Nemelex Xobeh


Innate Abilities, Weirdness & Mutations

You have very sharp teeth.
Your uncanny sense of smell can sniff out nearby items.
Your experience applies equally to all skills.


Message History

The orc wizard gestures at you while chanting.
You resist with some effort.
You shoot an arrow.
The arrow hits the orc wizard but does no damage.
The orc wizard is heavily wounded.
The orc priest calls down the wrath of Beogh upon you.
Beogh smites you!
The orc wizard gestures at you while chanting.
You resist with some effort.
You shoot an arrow. The arrow barely misses the orc wizard.
The arrow hits the orc priest.
The orc priest is lightly wounded.
The orc priest calls down the wrath of Beogh upon you.
Beogh smites you!
The orc wizard hits you but does no damage.
The orc wizard barely misses you.
The orc priest invokes the aid of Beogh against you.
Beogh smites you!
* * * LOW HITPOINT WARNING * * *
You are too injured to fight recklessly!
You are too injured to fight recklessly!
It was a potion of haste.
You feel yourself speed up.
The orc priest calls upon Beogh to heal the orc wizard.
The orc wizard is healed somewhat.
The orc wizard points at you and mumbles some strange words.
The magic dart hits you.
* * * LOW HITPOINT WARNING * * *
Aiming: Iceblast
Press: ? - help, Shift-Dir - straight line, p - orc wizard
Okay, then.
Aiming: Iceblast
Press: ? - help, Shift-Dir - straight line, p - orc wizard The mass of ice explodes!
The iceblast engulfs the orc priest!
The orc priest is severely wounded.
The iceblast engulfs the orc wizard!!
You kill the orc wizard!
The orc priest invokes the aid of Beogh against you.
Beogh smites you!
You die...
Your body disappears without a glow.

##......#..)††..... ..
#......'.......... ...
#......'.......... ...#
##......#..####>...
...⌠####⌠......#...###....
...............#....##.#..
.....o........##.......#..
.............##.....#..#..
.......).@..##.....##..#.#
#..........##...)......#.#
##........######)####.....
########## #.#######.#
#.........# ###########


You could see an orc priest.

Vanquished Creatures
  A kobold brigand (D:3)
  A hound (D:4)
  A sleepcap (D:4)
  An iguana (D:4)
  2 orc wizards (D:4)
  7 adders
  4 gnolls
  3 dart slugs
  5 orcs
  6 ball pythons
  4 endoplasms
  A giant cockroach (D:3)
  5 goblins
  10 hobgoblins
  9 jackals
  3 quokkas
  5 bats
  4 frilled lizards
  12 kobolds
  3 rats
87 creatures vanquished.

Vanquished Creatures (others)
  3 fungi (D:2)
  5 plants (D:2)
8 creatures vanquished.

Grand Total: 95 creatures vanquished

Notes
Turn   | Place    | Note
-------+----------+-------------------------------------------
     0 | D:1      | lessens the Gnoll Hexslinger began the quest for the Orb.
     0 | D:1      | Reached XP level 1. HP: 17/17 MP: 4/4
    26 | D:1      | Reached XP level 2. HP: 13/23 MP: 5/5
   331 | D:1      | Reached XP level 3. HP: 28/28 MP: 7/7
   835 | D:1      | Reached skill level 1 in Invocations
  1085 | D:2      | Reached skill level 1 in Short Blades
  1085 | D:2      | Reached skill level 1 in Long Blades
  1085 | D:2      | Reached skill level 1 in Axes
  1085 | D:2      | Reached skill level 1 in Maces & Flails
  1085 | D:2      | Reached skill level 1 in Polearms
  1085 | D:2      | Reached skill level 1 in Staves
  1085 | D:2      | Reached skill level 1 in Throwing
  1085 | D:2      | Reached skill level 1 in Armour
  1085 | D:2      | Reached skill level 1 in Stealth
  1085 | D:2      | Reached skill level 1 in Shields
  1085 | D:2      | Reached skill level 1 in Unarmed Combat
  1085 | D:2      | Reached skill level 1 in Evocations
  1148 | D:2      | Found a faded altar of an unknown god.
  1296 | D:2      | Reached XP level 4. HP: 34/34 MP: 8/8
  1879 | D:2      | Reached skill level 1 in Conjurations
  1879 | D:2      | Reached skill level 1 in Summonings
  1879 | D:2      | Reached skill level 1 in Necromancy
  1879 | D:2      | Reached skill level 1 in Translocations
  1879 | D:2      | Reached skill level 1 in Transmutations
  1879 | D:2      | Reached skill level 1 in Fire Magic
  1879 | D:2      | Reached skill level 1 in Ice Magic
  1879 | D:2      | Reached skill level 1 in Air Magic
  1879 | D:2      | Reached skill level 1 in Earth Magic
  1879 | D:2      | Reached skill level 1 in Poison Magic
  2273 | D:2      | Learned a level 3 spell: Portal Projectile
  2614 | D:3      | Identified the +7 scale mail of the Dungeon {rPois}
  2850 | D:3      | Found a sparkling altar of Nemelex Xobeh.
  2954 | D:3      | Reached XP level 5. HP: 40/40 MP: 9/9
  2974 | D:3      | Became a worshipper of Nemelex Xobeh the Trickster
  3091 | D:3      | Identified the +2 trident "Faom Jao" {heavy, *Noise Str+7
                  | SInv}
  3091 | D:3      | Noticed a kobold brigand
  3095 | D:3      | Killed a kobold brigand
  3390 | D:4      | Found an ancient bone altar of Kikubaaqudgha.
  3401 | D:4      | Reached XP level 6. HP: 47/47 MP: 9/11
  3568 | D:4      | Reached skill level 5 in Ranged Weapons
  3568 | D:4      | Reached skill level 5 in Dodging
  3777 | D:4      | Killed from afar by an orc priest

Illustrated notes

Levels and vault maps discovered:
D:1:      tarquinn_simple_flora_water_f, layout_basic, minmay_hexomino_p4
D:2:      layout_loops_corners, shapermc_ecumenical_altar_mp_ritualfount,
          serial_co_window_serial, co_window_paths_a, co_window_paths_a,
          co_window_paths_a, co_window_paths_b, co_window_corner_a,
          co_window_of_opportunity_c, co_window_unsneaky_path_c,
          co_window_2corner, co_window_4corner_b, co_window_4corner_a,
          glass_columns_c, glass_columns_a, glass_columns_b,
          minmay_stone_trees_large
D:3:      cheibrodos_thug_alley, layout_loops_corners, amcnicky_altar_gilded,
          corexii_shack, chequers_serial_rivers_micro_a
D:4:      layout_loops_ring, kiku_gazebo_garden_becter,
          kennysheep_big_empty_room

Skill      XL: |  1  2  3  4  5  6 |
---------------+-------------------+-----
Invocations    | 1 2 |  2.4
Short Blades   | 1 2 |  2.1
Long Blades    | 1 2 |  2.1
Axes           | 1 2 |  2.1
Maces & Flails | 1 2 |  2.1
Polearms       | 1 2 |  2.1
Staves         | 1 2 |  2.1
Throwing       | 1 2 |  2.1
Armour         | 1 2 |  2.1
Stealth        | 1 2 |  2.1
Shields        | 1 2 |  2.1
Unarmed Combat | 1 2 |  2.1
Evocations     | 1 2 |  2.1
Spellcasting   | 3 |  3.5
Conjurations   | 1 |  1.7
Summonings     | 1 |  1.7
Necromancy     | 1 |  1.7
Translocations | 1 |  1.7
Transmutations | 1 |  1.7
Fire Magic     | 1 |  1.7
Ice Magic      | 1 |  1.7
Air Magic      | 1 |  1.7
Earth Magic    | 1 |  1.7
Poison Magic   | 1 |  1.7
Fighting       | 3 |  3.4
Ranged Weapons | 5 |  5.1
Dodging        | 5 |  5.1
Hexes          | |  5.7

Action                     |  1- 3 |  4- 6 || total
---------------------------+-------+-------++-------
   Fire: Sling             |    74 |       ||    74
         Shortbow          |    14 |   147 ||   161
  Evoke: Wand              |       |     2 ||     2
    Use: Potion            |       |     1 ||     1
 Armour: Robe              |    13 |    10 ||    23
         Scale mail        |       |    82 ||    82
  Dodge: Dodged            |    41 |    86 ||   127

Table legend: (Time is in decaauts)
 A = Elapsed time spent in this place.
 B = Non-inter-level travel time spent in this place.
 C = Inter-level travel time spent in this place.
 D = Time resting spent in this place.
 E = Time spent auto-exploring this place.
 F = Levels seen in this place.
 G = Mean time per level.
                   A        B        C        D        E       F      G
               +--------+--------+--------+--------+--------+-----+--------+
         Total |   3953 |   3837 |    116 |      0 |   3217 |   4 |  988.2 |
       Dungeon |   3953 |   3837 |    116 |      0 |   3217 |   4 |  988.2 |
               +--------+--------+--------+--------+--------+-----+--------+

Top non-repeatable levels by time:
     D:2: 1288 daAuts
     D:3: 1129 daAuts
     D:1: 1050 daAuts
     D:4: 485 daAuts
